 Dungeon Crawl Stone Soup version 0.31.0-11-ge490571c62 (webtiles) character file.

Game seed: 286888430767941844

19 qw the Shooter (level 2, 0/16 HPs)
             Began as a Deep Elf Hunter on Feb 4, 2024.
             Constricted to death by a ball python (1 damage)
             ... on level 1 of the Dungeon.
             The game lasted 00:00:07 (421 turns).

qw the Shooter (Deep Elf Hunter)                     Turns: 421, Time: 00:00:08

Health: 0/16       AC:  3    Str:  8    XL:     2   Next: 55%
Magic:  4/4        EV:  9    Int: 13    God:
Gold:   48         SH:  0    Dex: 18    Spells: 1/1 levels left

rFire   . . .        a - +0 shortbow
rCold   . . .        (shield currently unavailable)
rNeg    . . .        c - +0 leather armour
rPois   .            (no helmet)
rElec   .            (no cloak)
rCorr   .            (no gloves)
SInv    .            (no boots)
Will    .....        (no amulet)
Stlth   ++           (no ring)
HPRegen 0.22/turn    (no ring)
MPRegen 0.09/turn

%: no passive effects
@: constricted
A: no striking features
a: no special abilities


You were on level 1 of the Dungeon.
You visited 1 branch of the dungeon, and saw 1 of its levels.

You collected 48 gold pieces.


   Skills:
 - Level 1.5 Fighting
 + Level 6.3 Ranged Weapons
 - Level 2.4 Dodging
 - Level 1.2 Stealth


You had one spell level left.
You didn't know any spells.
Your spell library was empty.

Inventory:

Hand Weapons
 a - a +0 shortbow (weapon)
Armour
 c - a +0 leather armour (worn)
 e - a +0 ring mail
Scrolls
 b - a scroll of butterflies
 d - a scroll of identify {unknown}
 g - a scroll of enchant weapon {unknown}
 h - a scroll of revelation {unknown}
Potions
 f - a potion of enlightenment {unknown}

Dungeon Overview and Level Annotations

Branches:
Dungeon (1/15)

Altars:


Message History

The endoplasm quivers.
The bat closely misses you.
You shoot an arrow. The arrow misses the bat.
The bat closely misses you.
You shoot an arrow. The arrow barely misses the bat.
The bat closely misses you. The endoplasm barely misses you.
You shoot an arrow. The arrow misses the bat.
The bat hits you. The bat closely misses you. The bat barely misses you.
The endoplasm freezes you.
You are frozen.
You shoot an arrow. The arrow hits the bat!
You kill the bat!
The endoplasm misses you.
A dart slug comes into view.
The ball python barely misses you. The ball python grabs you.
The ball python constricts you.
You shoot an arrow.
The arrow hits the ball python but does no damage.
The endoplasm hits you. The ball python barely misses you.
The ball python constricts you.
You shoot an arrow.
The arrow hits the ball python but does no damage.
The ball python closely misses you. The ball python constricts you.
The endoplasm barely misses you. The ball python closely misses you.
The ball python constricts you. The endoplasm hits you.
You shoot an arrow.
The arrow hits the ball python but does no damage.
The ball python bites you. The ball python constricts you.
The endoplasm closely misses you. The dart slug closely misses you.
You shoot an arrow.
The arrow barely misses the ball python.
The ball python bites you but does no damage.
The ball python constricts you. The endoplasm hits you.
You shoot an arrow.
The arrow closely misses the ball python.
The ball python bites you. The ball python constricts you.
The dart slug launches a dart at you. The slug dart misses you.
The endoplasm closely misses you. The ball python bites you.
The ball python constricts you.
You die...

#..~...#
#..#...#...#...#...#
#.7~~~.#
#.##...#...#.. #...#
#..~7~.#
##..###.###. ..###.
##.7~..#
#...........#......
#.##.## ##..###.###
#. ###) #.#..#
#.##...# .# #...##
#..#...# . #####
#.%#w..# ##.@###..#
#.JS# ..# #...# ##
####. .. ..# ##


You could see a dart slug, an endoplasm and a ball python.

Vanquished Creatures
  A dart slug (D:1)
  A ball python (D:1)
  2 bats (D:1)
  2 endoplasms (D:1)
  2 giant cockroaches (D:1)
  A hobgoblin (D:1)
  2 quokkas (D:1)
  A goblin (D:1)
  3 rats (D:1)
15 creatures vanquished.

Notes
Turn   | Place    | Note
-------+----------+-------------------------------------------
     0 | D:1      | qw the Deep Elf Hunter began the quest for the Orb.
     0 | D:1      | Reached XP level 1. HP: 12/12 MP: 3/3
     0 | D:1      | 0 ||| qw: Version: 0.3-a-160-g6735b56
     0 | D:1      | 0 ||| qw: Game counter: 5847
     0 | D:1      | 0 ||| qw: Melee chars always use a shield: true
     0 | D:1      | 0 ||| qw: God list: Okawaru
     0 | D:1      | 0 ||| qw: Allow faded altars: false
     0 | D:1      | 0 ||| qw: Do Orc after clearing Dungeon:15 true
     0 | D:1      | 0 ||| qw: Do second Lair branch before Depths: true
     0 | D:1      | 0 ||| qw: Lair rune preference: random
     0 | D:1      | 0 ||| qw: Goals: Normal
     0 | D:1      | 0 ||| PLANNING D:1-11
   171 | D:1      | Reached XP level 2. HP: 16/16 MP: 4/4
   174 | D:1      | Reached skill level 6 in Ranged Weapons
   421 | D:1      | HP: 4/16 [ball python (3)]
   421 | D:1      | HP: 1/16 [ball python (2)]
   421 | D:1      | Constricted to death by a ball python

Levels and vault maps discovered:
D:1:      dpeg_arrival_refuge, layout_basic, serial_bayou_pond_d, nicolae_titane

Skill      XL: |  1  2 |
---------------+-------+-----
Ranged Weapons | 6 |  6.3
Fighting       | |  1.5
Dodging        | |  2.4
Stealth        | |  1.2

Action                     || total
---------------------------++-------
   Fire: Shortbow          ||    47
 Armour: Leather armour    ||    16
  Dodge: Dodged            ||    21

Table legend:
 A = Non-vault XP
 B = Vault XP
 C = Vault XP percentage of total XP
 D = Non-vault monster count
 E = Vault monster count
 F = Vault count percentage of total count
                 A         B        C        D         E       F
            +---------+---------+-------+---------+---------+-------
      Total |      28 |       0 |   0.0 |      15 |       0 |   0.0
            +---------+---------+-------+---------+---------+-------
        D:1 |      28 |       0 |   0.0 |      15 |       0 |   0.0
            +---------+---------+-------+---------+---------+-------
